cohdb
Replays
Latest Replays
All Replays
Popular Replays
Top Player Replays
Match Explorer
How It Works
Community
CoH3 Stats
Reddit
Sign in to upload your games and track your stats! →
Sign in with Steam
Match 29774956
Unlisted
Match 29774956
Overview
Messages
Build Orders
End
Construct Section Command Post
Selects Australian Defense Battlegroup
Selects Australian Light Infantry Section
Australian Light Infantry Section
Dingo Light Scout Car
Infantry Section
Vickers Machine Gun Team
Construct Platoon Command Post
6-pounder Anti-tank Gun Team
Construct Field Infirmary
Infantry Section
Selects Defensive Tactics
Selects CMP 15cwt Supply Run
Selects CMP 15cwt Supply Run
Vickers Machine Gun Team
Selects Defensive Tactics
Construct Company Command Post
Grenade Package
Selects Vehicle Over Repair
Tango
GoonLord
Turtleboy
Cpt. Orgazmo
larrylesaint
Fabian
0
0
Comments
sign in to comment!
No comments posted yet!